 Dungeon Crawl Stone Soup version 0.24-a0-317-g5cb8de4 (webtiles) character file.

Game seed: 14655175575837831816

7119 MisterFreud the Nimble (level 10, -2/88 HPs)
             Began as a Troll Monk on May 16, 2019.
             Was an Elder of Ru.
             Slain by a death yak (27 damage)
             ... on level 9 of the Dungeon.
             The game lasted 00:12:02 (6859 turns).

MisterFreud the Nimble (Troll Monk)                 Turns: 6859, Time: 00:12:03

Health: -2/88      AC: 10    Str: 28    XL:     10   Next: 85%
Magic:  9/9        EV: 15    Int:  7    God:    Ru [****..]
Gold:   63         SH:  2    Dex: 12    Spells: 9/9 levels left

rFire    . . .     SeeInvis .     - Unarmed
rCold    . . .     Gourm    +   (no shield)
rNeg     . . .     Faith    .   D - +2 robe {MR+}
rPois    .         Spirit   .   (helmet restricted)
rElec    .         Reflect  +   q - +1 cloak
rCorr    +         Harm     .   (gloves unavailable)
MR       +....                  (boots unavailable)
Stlth    ++........             y - +2 amulet of reflection
HPRegen  0.64/turn              c - ring of resist corrosion
MPRegen  0.11/turn              (no ring)

@: mighty
A: large, unfitting armour, claws 3, fast metabolism 3, gourmand, regeneration
1, shaggy fur 1, tough skin 3, hated by all, no air magic, no conjurations
magic, no transmutations magic, inexperienced 1
a: Draw Out Power, Power Leap, Renounce Religion


You were on level 9 of the Dungeon.
You worshipped Ru.
Ru was greatly pleased with you.
You were completely stuffed.

You visited 2 branches of the dungeon, and saw 10 of its levels.

You collected 514 gold pieces.
You spent 451 gold pieces at shops.

Inventory:

Missiles
 d - 225 stones (quivered)
 n - 7 javelins
 p - 5 throwing nets
Armour
 q - a +1 cloak (worn)
 D - a +2 robe of magic resistance (worn)
Jewellery
 c - a ring of resist corrosion (left claw)
 y - a +2 amulet of reflection (around neck)
Wands
 o - a wand of acid (15)
 r - a wand of flame (32)
Scrolls
 a - a scroll of fear
 e - 6 scrolls of identify
 f - 5 scrolls of remove curse
 g - a scroll of blinking
 u - 2 scrolls of random uselessness
 w - a scroll of amnesia
 x - a scroll of immolation
 z - 2 scrolls of teleportation
 B - 2 scrolls of fog
 C - a scroll of silence
Potions
 h - 2 potions of heal wounds
 i - a potion of brilliance
 j - a potion of curing
 k - 3 potions of lignification
 l - a potion of flight
 m - a potion of agility
 s - a potion of magic
 t - a potion of ambrosia
 E - 2 potions of mutation
Comestibles
 b - 19 rations
 v - 4 chunks of flesh


   Skills:
 - Level 2.4 Fighting
 + Level 6.9 Throwing
 - Level 10.0 Dodging
 - Level 1.0 Stealth
 - Level 10.0 Unarmed Combat


You had 9 spell levels left.
You didn't know any spells.
Your spell library contained the following spells:

 Spells                   Type           Power        Failure   Level  Hunger
 Corona                   Hex            #......      43%         1    ##.....
 Ensorcelled Hibernation  Hex/Ice        #.....       56%         2    ###....
 Confuse                  Hex            #.......     80%         3    ####...
 Tukima's Dance           Hex            #.......     80%         3    ####...
 Dazzling Spray           Conj/Hex       Unusable     N/A         3    N/A

Dungeon Overview and Level Annotations

Branches:
Dungeon (9/15)             Temple (1/1) D:6            Lair (0/6) D:9
    Orc: D:9-12

Altars:
Ashenzari
Cheibriados
Dithmenos
Ru
Uskayaw
Wu Jian
Yredelemnul

Shops:
D:6 ?   D:8 ?


Innate Abilities, Weirdness & Mutations

You are too large for most types of armour.
You have claws for hands.
Your metabolism is lightning-fast.
You like to eat raw meat.
Your natural rate of healing is unusually fast.
You are covered in fur. (AC +1)
You have extremely tough skin. (AC +3)
You are hated by all.
You cannot study or cast Air magic.
You cannot study or cast Conjurations magic.
You cannot study or cast Transmutations magic.
You are somewhat inexperienced. (-2 XL)


Message History

You mangle the death yak!!
The death yak is almost dead.
The death yak misses you.
You scratch the death yak.
The death yak is almost dead.
The death yak gores you!
* * * LOW HITPOINT WARNING * * *
You claw the death yak!
You kill the death yak!
You scratch the death yak.
The death yak is lightly wounded.
You barely miss the death yak.
The death yak is lightly wounded.
The death yak misses you.
You claw the death yak!
The death yak is lightly wounded.
The death yak gores you!
* * * LOW HITPOINT WARNING * * *
You feel much better. The death yak gores you!!
You die...

#........(...# ######
#............# ......
#........)...#####......
#####..............(....
#..............>(...
#...######...[......
#...# #...<...... #...#
##.......... ###@#
#............ #Y#
#....Y.......
#.####............
#######.................
#........Y.....#........
#.......#'##.........#..
#.......#.......>..
#.......+..>.......
#.......#........#.


You could see a death yak.

Vanquished Creatures
  Harold (D:7)
  A centaur warrior (D:9)
  4 death yaks (D:9)
  Grinder (D:6)
  A hippogriff (D:8)
  Sigmund (D:6)
  Eustachio (D:4)
  An ice beast (D:7)
  2 orc warriors
  A sky beast (D:8)
  An eye of draining (D:8)
  5 centaurs
  A phantom (D:8)
  A big kobold (D:7)
  3 bullfrogs
  A water moccasin zombie (D:8)
  4 scorpions
  A killer bee (D:9)
  4 wights (D:8)
  3 crimson imps
  A bullfrog zombie (D:7)
  2 hounds
  3 jellies
  A bullfrog skeleton (D:5)
  Crazy Yiuf (D:4)
  2 iguanas
  Terence (D:2)
  Ijyb (D:4)
  3 orc wizards
  6 worker ants
  A killer bee zombie (D:6)
  A hound zombie (D:8)
  A howler monkey zombie (D:8)
  Robin (D:4)
  A worker ant zombie (D:8)
  11 gnolls
  12 adders
  A shadow imp (D:4)
  2 oozes
  A worm (D:3)
  A dart slug (D:2)
  5 leopard geckos
  13 orcs
  8 bats
  5 giant cockroaches
  16 goblins
  8 hobgoblins
  9 jackals
  4 quokkas
  2 frilled lizards
  14 kobolds
  A quokka skeleton (D:4)
  8 rats
185 creatures vanquished.

Vanquished Creatures (others)
  An orc (D:6)
  A jackal (D:9)
2 creatures vanquished.

Grand Total: 187 creatures vanquished

Notes
Turn   | Place    | Note
-------+----------+-------------------------------------------
     0 | D:1      | MisterFreud the Troll Monk began the quest for the Orb.
     0 | D:1      | Reached XP level 1. HP: 22/22 MP: 0/0
     6 | D:1      | Noticed a komodo dragon
     6 | D:1      | Noticed a wyvern
     6 | D:1      | Noticed a black bear
     6 | D:1      | Noticed a killer bee
   150 | D:1      | Reached XP level 2. HP: 29/29 MP: 1/1
   676 | D:2      | Reached XP level 3. HP: 36/36 MP: 2/2
   978 | D:2      | Found a sacrificial altar of Ru.
  1092 | D:2      | Became a worshipper of Ru the Awakened
  1106 | D:2      | Gained mutation: You are somewhat inexperienced. (-2 XL)
                  | [Ru sacrifice]
  1106 | D:2      | Reached XP level 2. HP: 29/29 MP: 1/1
  1106 | D:2      | Reached XP level 1. HP: 22/22 MP: 0/0
  1106 | D:2      | Reached * piety under Ru
  1106 | D:2      | Reached ** piety under Ru
  1205 | D:2      | Reached XP level 2. HP: 26/29 MP: 1/1
  1216 | D:2      | Noticed Terence
  1230 | D:2      | Killed Terence
  1230 | D:2      | Reached skill level 5 in Unarmed Combat
  1230 | D:2      | Reached XP level 3. HP: 25/36 MP: 2/2
  1970 | D:3      | Reached XP level 4. HP: 42/44 MP: 3/3
  2533 | D:4      | Found a runed translucent door.
  2534 | D:4      | Noticed Crazy Yiuf
  2543 | D:4      | Killed Crazy Yiuf
  2543 | D:4      | Reached XP level 5. HP: 49/50 MP: 4/4
  2781 | D:4      | Noticed Ijyb
  2790 | D:4      | Killed Ijyb
  2797 | D:4      | Noticed Eustachio
  2820 | D:4      | Killed Eustachio
  2820 | D:4      | Reached XP level 6. HP: 49/59 MP: 5/5
  2844 | D:4      | Noticed Robin
  2875 | D:4      | Killed Robin
  3101 | D:4      | Gained mutation: You cannot study or cast Air magic. [Ru
                  | sacrifice]
  3101 | D:4      | Gained mutation: You cannot study or cast Transmutations
                  | magic. [Ru sacrifice]
  3101 | D:4      | Gained mutation: You cannot study or cast Conjurations
                  | magic. [Ru sacrifice]
  3101 | D:4      | Reached *** piety under Ru
  3505 | D:5      | Entered Level 5 of the Dungeon
  3655 | D:5      | Reached XP level 7. HP: 66/66 MP: 6/6
  4374 | D:6      | Found Arievar's Magic Scroll Emporium.
  4385 | D:6      | Noticed Grinder
  4401 | D:6      | Killed Grinder
  4401 | D:6      | Reached skill level 5 in Dodging
  4401 | D:6      | Reached XP level 8. HP: 55/74 MP: 7/7
  4412 | D:6      | Bought a scroll of teleportation for 39 gold pieces
  4412 | D:6      | Bought a scroll of teleportation for 39 gold pieces
  4412 | D:6      | Bought a scroll of identify for 26 gold pieces
  4412 | D:6      | Bought a scroll of identify for 26 gold pieces
  4412 | D:6      | Bought a scroll of identify for 26 gold pieces
  4412 | D:6      | Bought a scroll of identify for 26 gold pieces
  4412 | D:6      | Bought a scroll of identify for 26 gold pieces
  4412 | D:6      | Bought a scroll of fog for 26 gold pieces
  4412 | D:6      | Bought a scroll of silence for 97 gold pieces
  4446 | D:6      | Noticed Sigmund
  4465 | D:6      | Killed Sigmund
  5094 | D:6      | Found a staircase to the Ecumenical Temple.
  5175 | Temple   | Entered the Ecumenical Temple
  5302 | D:7      | Noticed Harold
  5325 | D:7      | Killed Harold
  5325 | D:7      | Reached XP level 9. HP: 55/80 MP: 8/8
  5351 | D:7      | Gained mutation: You are hated by all. [Ru sacrifice]
  5351 | D:7      | Reached **** piety under Ru
  5981 | D:8      | Reached skill level 10 in Dodging
  6323 | D:8      | Found Zuegram's Magic Scroll Boutique.
  6332 | D:8      | Bought a scroll of blinking for 120 gold pieces
  6459 | D:9      | Noticed a centaur warrior
  6466 | D:9      | Noticed an efreet
  6472 | D:9      | Killed a centaur warrior
  6472 | D:9      | Reached XP level 10. HP: 30/88 MP: 9/9
  6627 | D:9      | Noticed a two-headed ogre
  6636 | D:9      | Noticed a death yak
  6638 | D:9      | Noticed a death yak
  6746 | D:9      | Reached skill level 10 in Unarmed Combat
  6776 | D:9      | Reached skill level 1 in Throwing
  6817 | D:9      | Found a staircase to the Lair.
  6818 | D:9      | Noticed a death yak
  6835 | D:9      | Killed a death yak
  6837 | D:9      | Noticed a death yak
  6837 | D:9      | Noticed a death yak
  6845 | D:9      | Killed a death yak
  6850 | D:9      | Killed a death yak
  6855 | D:9      | Killed a death yak
  6859 | D:9      | Slain by a death yak

Levels and vault maps discovered:
D:1:      onia_arrival_zoo_common, layout_loops_ring
D:2:      layout_basic, lemuel_crystal_altar, dk_noncrumbling_4, uniq_terence
D:3:      cheibrodos_old_hovel, layout_loops_ring, feat_on_display
D:4:      layout_cave_pods, first_ration, minmay_small_thing,
          uniq_crazy_yiuf_cottage, uniq_ijyb, uniq_eustachio, uniq_robin
D:5:      layout_basic
D:6:      layout_loops_ring, minmay_temple_entry_enclosed_plants, serial_shops,
          nicolae_shop_crystal, minivault_19, palyth_stone_intersect,
          uniq_grinder, uniq_sigmund
D:7:      layout_basic, uniq_harold
D:8:      layout_loops_ring, serial_shops, shop
D:9:      hangedman_cross_cluster, layout_irregular_city, dpeg_lair_monsters,
          zaba_antful_of_joy
Temple:   compressed_dpeg_triangle_lava_temple

Skill      XL: |  1  2  3  4  5  6  7  8  9 10 |
---------------+-------------------------------+-----
Unarmed Combat | 5 6 7 8 9 10 | 10.0
Dodging        | 5 8 10 | 10.0
Throwing       | 6 |  6.9
Fighting       | |  2.4
Stealth        | |  1.0

Action                   |  1- 3 |  4- 6 |  7- 9 | 10-12 || total
-------------------------+-------+-------+-------+-------++-------
Melee: Unarmed           |    95 |   111 |   262 |    47 ||   515
       Punch             |     1 |     4 |    11 |     2 ||    18
Invok: Sacrifice Experie |     1 |       |       |       ||     1
       Sacrifice Arcana  |       |     1 |       |       ||     1
       Sacrifice Love    |       |       |     1 |       ||     1
  Use: Scroll            |       |     7 |    11 |     1 ||    19
       Potion            |       |       |     1 |     2 ||     3
 Stab: Sleeping          |     6 |     4 |     1 |       ||    11
       Distracted        |       |     1 |     3 |       ||     4
       Invisible         |       |       |     3 |     1 ||     4
  Eat: Chunk             |    20 |    15 |    28 |     5 ||    68
Armor: Robe              |    38 |    39 |    43 |     5 ||   125
Dodge: Dodged            |    38 |    47 |   149 |    31 ||   265
Block: Other             |       |       |     9 |     2 ||    11

Table legend:
 A = Non-vault XP
 B = Vault XP
 C = Vault XP percentage of total XP
 D = Non-vault monster count
 E = Vault monster count
 F = Vault count percentage of total count
                 A         B        C        D         E       F
            +---------+---------+-------+---------+---------+-------
      Total |    3665 |    6558 |  64.1 |     151 |      33 |  17.9
            +---------+---------+-------+---------+---------+-------
        D:1 |      28 |       0 |   0.0 |      18 |       0 |   0.0
        D:2 |      71 |      36 |  33.6 |      20 |       1 |   4.8
        D:3 |      79 |       3 |   3.7 |      21 |       1 |   4.5
        D:4 |     117 |     322 |  73.3 |       6 |      18 |  75.0
        D:5 |     464 |       0 |   0.0 |      15 |       0 |   0.0
        D:6 |     531 |     487 |  47.8 |      10 |       2 |  16.7
        D:7 |     500 |     987 |  66.4 |      27 |       1 |   3.6
        D:8 |    1712 |      34 |   1.9 |      31 |       1 |   3.1
        D:9 |     163 |    4689 |  96.6 |       3 |       9 |  75.0
            +---------+---------+-------+---------+---------+-------
